 Dungeon Crawl Stone Soup version 0.29-a0-392-g297d3b089c (console) character file.

Game seed: 12551650727964746498

1189 petzl the Sneak (level 8, -3/52 (60) HPs)
             Began as a Formicid Arcane Marksman on May 8, 2022.
             Was an Initiate of Vehumet.
             Slain by a wight
             ... wielding a +0 mace
              (8 damage)
             ... on level 6 of the Dungeon.
             The game lasted 00:33:44 (8052 turns).

petzl the Sneak (Formicid Arcane Marksman)          Turns: 8052, Time: 00:33:45

HP:   -3/52 (60)    AC:  5    Str: 15    XL:     8   Next: 71%
MP:   12/23         EV: 12    Int: 21    God:    Vehumet [......]
Gold: 196           SH:  0    Dex: 11    Spells: 14/15 levels left

rFire   + . .      SeeInvis +   b - +7 mace of Ylitiu {drain, rF+ MP+9}
rCold   . . .      Faith    .   (no shield)
rNeg    . . .      Spirit   .   A - +2 robe {Will+}
rPois   .          Reflect  .   (helmet unavailable)
rElec   .          Harm     .   (no cloak)
rCorr   .          Rampage  .   d - +0 pair of gloves
Will    +....                   (no boots)
Stlth   +++.......              (no amulet)
HPRegen 0.17/turn               k - +6 ring of intelligence
MPRegen 0.18/turn               (no ring)

@: heavily drained
A: permanent stasis, dig shafts and tunnels, antennae 3, four strong arms
a: Dig, Shaft Self, Renounce Religion


You were on level 6 of the Dungeon.
You worshipped Vehumet.
Vehumet was noncommittal.
You visited 2 branches of the dungeon, and saw 8 of its levels.

You collected 300 gold pieces.
You spent 104 gold pieces at shops.

Inventory:

Hand Weapons
 a - a +0 hand crossbow
 b - the +7 mace of Ylitiu (weapon) {drain, rF+ MP+9}
   (You found it on level 5 of the Dungeon)

   A truly terrible weapon, it drains the life of any living foe it strikes.
   rF:        It protects you from fire.
   MP:        It affects your magic capacity (+9).
 c - a +0 quarterstaff
 v - the +3 mace of Inatrus {pain, *Noise rElec MP+9 Str+8}
   (You took it off a gnoll on level 3 of the Dungeon)

   In the hands of one skilled in necromantic magic, it inflicts extra damage on
   living creatures.
   Str:       It affects your strength (+8).
   rElec:     It insulates you from electricity.
   MP:        It affects your magic capacity (+9).
   *Noise:    It may make noises in combat.
 E - a +4 falchion of freezing
 F - a +5 trident of freezing
 H - a +2 quarterstaff of chaos
Missiles
 t - 3 javelins (quivered)
 C - 3 poisoned darts
Armour
 d - a +0 pair of gloves (worn)
 r - a +2 scale mail of positive energy
 A - a +2 robe of willpower (worn)
Magical Staves
 x - a staff of poison
 y - a staff of conjuration
Jewellery
 k - a +6 ring of intelligence (left hand)
Wands
 p - a wand of iceblast (5)
 I - a wand of charming (5)
Scrolls
 e - a scroll of magic mapping {unknown}
 g - a scroll of blinking {unknown}
 i - a scroll of fog {unknown}
 j - a scroll of amnesia {unknown}
 s - 2 scrolls of poison
 z - 2 scrolls of teleportation {unknown}
 B - 2 scrolls of immolation
 G - 3 scrolls of vulnerability
 J - a scroll of acquirement
Potions
 h - 3 potions of curing
 l - a potion of resistance {unknown}
 m - a potion of flight {unknown}
 n - a potion of lignification {unknown}
 o - 2 potions of heal wounds
 q - a potion of brilliance {unknown}
 u - 2 potions of cancellation {unknown}
 w - 3 potions of haste {unknown}
 D - a potion of mutation {unknown}


   Skills:
 + Level 4.3 Fighting
 - Level 4.0 Crossbows
 - Level 3.5 Armour
 - Level 3.5 Dodging
 + Level 5.0 Stealth
 + Level 4.0 Spellcasting
 + Level 1.3 Conjurations
 - Level 3.6 Hexes
 + Level 2.1 Poison Magic
 + Level 1.9 Evocations


You had 14 spell levels left.
You knew the following spells:

 Your Spells              Type           Power      Damage    Failure   Level
a - Slow                  Hex            76%        N/A       2%          1

Your spell library contained the following spells:

 Spells                   Type           Power      Damage    Failure   Level
 Inner Flame              Hex/Fire       11%        N/A       17%         3
 Portal Projectile        Hex/Tloc       22%        N/A       17%         3
 Cause Fear               Hex            9%         N/A       26%         4


Dungeon Overview and Level Annotations

Branches:
Dungeon (7/15)             Temple (1/1) D:5

Altars:
Ashenzari
Qazlal
Vehumet
Zin

Shops:
D:4 !   D:6 =

Annotations:
D:3 3 runed translucent doors, Pelinal's ghost, amateur MfIE
D:4 1 transporter, spaghetti's ghost, amateur OpWn
D:5 2 transporters, exclusions: hound and iguana, Sigmund
D:6 exclusions: downstairs and ice beast


Innate Abilities, Weirdness & Mutations

You cannot be hasted, slowed, berserked, paralysed or teleported.
You can dig through walls and to a lower floor.
You have a pair of large antennae on your head. (SInv)
Your four strong arms can wield two-handed weapons with a shield.


Message History

The wight resists with significant effort.
The wight hits you with a +0 scimitar.
Casting: Slow (safe; 2% risk of failure)
Confirm with . or Enter, or press ? or * to list all spells.
Aiming: Slow (safe; 2% risk of failure)
Press: ? - help, Shift-Dir - straight line, f/p - wight
Aim: a wight, wielding a +0 scimitar and wearing a +0 robe (lightly damaged, chance to affect: 59%)
The wight resists with significant effort.
The wight hits you with a +0 scimitar! The wight attacks as you move away!
The wight closely misses you.
There is a stone staircase leading down here.
Casting: Slow (safe; 2% risk of failure)
Confirm with . or Enter, or press ? or * to list all spells.
Aiming: Slow (safe; 2% risk of failure)
Press: ? - help, Shift-Dir - straight line, f/p - wight
Aim: a wight, wielding a +0 scimitar and wearing a +0 robe (lightly damaged, chance to affect: 59%)
The wight resists with significant effort.
Casting: Slow (safe; 2% risk of failure)
Confirm with . or Enter, or press ? or * to list all spells.
Aiming: Slow (safe; 2% risk of failure)
Press: ? - help, Shift-Dir - straight line, f/p - wight
Aim: a wight, wielding a +0 scimitar and wearing a +0 robe (lightly damaged, chance to affect: 59%)
The wight resists with significant effort.
The wight hits you with a +0 scimitar!
You feel drained. The wight attacks as you move away!
The wight hits you with a +0 mace.
* * * LOW HITPOINT WARNING * * *
You feel drained.
* * * LOW HITPOINT WARNING * * *
The wight attacks as you move away! The wight misses you.
Things that are here:
a +0 robe; a +0 battleaxe {!f =f} The wight attacks as you move away!
The wight barely misses you. The wight attacks as you move away!
The wight misses you.
Are you sure you want to shaft yourself?
The wight hits you with a +0 mace!
* * * LOW HITPOINT WARNING * * *
You feel drained.
* * * LOW HITPOINT WARNING * * *
You begin to dig a shaft.
You continue digging a shaft.
The wight hits you with a +0 mace!
You die...

####### .......### #......z# #####
#.###z#.###### #####...## #.#
#.#.##...## #########...#.#..# #.#
#......#..# #.......###..∩...# #.#
#..###zz..# #.......#####.##.#
####.###.)####z#.###..###..#..##.##.###
............#@#.#.†..# #..##...<......
#..####.##.#.#.#.#..###..##.#####.#..
#..####.##.#.....#.......##.#####.#.#
#............###.#.......#..........#
####...###.##.......#########..####..#.#
#......# #.####.#.#..# #...........#..
#.##.#.# #.###...#...# #.###.####.####
#.##.#.# #.##...###..# ##.###.# #.# #
#......# #.)...## ##.####...##.# #.# #
#..###.######...###............# #.####
#..# #..# ##...#..#####...#### #.....
##.###..#######.#.#.# ##.## ######
#..................# #..# ####
###...########...### ##.#########...
##...........### #...........##
#.#########.# #.########### #.# #.# #.#
#.# #.# #.# #.# #.# ####.#


You could see 3 wights.

Vanquished Creatures
  A black bear (D:5)
  An ogre (D:3)
  A phantom (D:5)
  A bullfrog (D:7)
  A necrophage (D:4)
  A scorpion (D:5)
  6 wights
  Crazy Yiuf (D:5)
  An orc priest (D:5)
  Jessica (D:2)
  2 iguanas
  Ijyb (D:4)
  Terence (D:2)
  2 orc wizards (D:4)
  6 gnolls
  8 adders
  A white imp (D:3)
  4 dart slugs
  6 orcs
  3 ball pythons
  4 bats
  10 endoplasms
  3 giant cockroaches
  5 hobgoblins
  6 jackals
  4 quokkas
  3 frilled lizards
  3 goblins
  3 kobolds
  8 rats
98 creatures vanquished.

Notes
Turn   | Place    | Note
-------+----------+-------------------------------------------
     0 | D:1      | petzl the Formicid Arcane Marksman began the quest for the
                  | Orb.
     0 | D:1      | Reached XP level 1. HP: 15/15 MP: 2/2
    99 | D:1      | Reached XP level 2. HP: 21/21 MP: 3/3
   340 | D:1      | Reached skill level 1 in Armour
   366 | D:1      | Reached skill level 1 in Stealth
   366 | D:1      | Reached XP level 3. HP: 5/26 MP: 2/5
  1033 | D:2      | Noticed Terence
  1416 | D:2      | Found a faded altar of an unknown god.
  1497 | D:2      | Found a stormy altar of Qazlal.
  1586 | D:2      | Reached XP level 4. HP: 20/33 MP: 6/6
  1803 | D:2      | Noticed Jessica
  1809 | D:2      | Killed Jessica
  1976 | D:2      | Killed Terence
  1977 | D:2      | Reached skill level 2 in Stealth
  1977 | D:2      | Reached XP level 5. HP: 15/38 MP: 6/8
  2275 | D:3      | Found a runed translucent gate.
  2276 | D:3      | Found a runed translucent gate.
  2276 | D:3      | Found a runed translucent gate.
  2276 | D:3      | Noticed Pelinal's ghost (amateur MfIE)
  3137 | D:3      | Noticed an ogre
  3210 | D:3      | Killed an ogre
  3211 | D:3      | Reached XP level 6. HP: 46/46 MP: 5/9
  3322 | D:3      | Identified the +3 mace of Inatrus {pain, *Noise rElec MP+9
                  | Str+8}
  4096 | D:4      | Noticed Ijyb
  4120 | D:4      | Killed Ijyb
  4606 | D:4      | Reached skill level 3 in Stealth
  4704 | D:4      | Found a transporter.
  4704 | D:4      | Noticed spaghetti's ghost (amateur OpWn)
  4734 | D:4      | Reached XP level 7. HP: 14/51 MP: 11/11
  5071 | D:4      | Found Faonex's Distillery.
  5075 | D:4      | Bought a potion of curing for 39 gold pieces
  5075 | D:4      | Bought a potion of heal wounds for 65 gold pieces
  5222 | D:5      | Entered Level 5 of the Dungeon
  5453 | D:5      | Found a transporter.
  5457 | D:5      | Noticed a small abomination
  5595 | D:5      | Noticed a toenail golem
  5744 | D:5      | Reached skill level 4 in Stealth
  5781 | D:5      | Reached XP level 8. HP: 58/59 MP: 11/13
  5902 | D:5      | Noticed Sigmund
  6184 | D:5      | Found a staircase to the Ecumenical Temple.
  6572 | D:5      | Reached skill level 1 in Poison Magic
  6572 | D:5      | Reached skill level 1 in Evocations
  6737 | Temple   | Entered the Ecumenical Temple
  6760 | Temple   | Became a worshipper of Vehumet
  6949 | D:5      | Found a runed translucent door.
  6950 | D:5      | Identified the +7 mace of Ylitiu {drain, rF+ MP+9}
  6950 | D:5      | Noticed Crazy Yiuf
  7018 | D:5      | Killed Crazy Yiuf
  7019 | D:5      | Reached skill level 1 in Conjurations
  7243 | D:5      | Found a transporter.
  7310 | D:6      | Found Pomi's Jewellery Shop.
  7449 | D:6      | Identified a scroll of acquirement
  7931 | D:6      | Reached skill level 5 in Stealth
  8052 | D:6      | Slain by a wight

Illustrated notes

Levels and vault maps discovered:
D:1:      lemuel_arrival_rhombus, layout_rooms
D:2:      layout_basic, basic_altar, ebering_ecumenical_altar_box,
          minmay_hedge_maze, uniq_jessica, uniq_terence
D:3:      layout_basic, tgw_xom, gammafunk_ghost_split,
          minmay_fractal_squares_diagonal_5
D:4:      layout_basic, gammafunk_ghost_smash, serial_shops, shop, uniq_ijyb
D:5:      layout_loops_ring, minmay_temple_entry_butterflies,
          gammafunk_ghost_abyssal_escape, uniq_sigmund, uniq_crazy_yiuf_cottage
D:6:      layout_loops_ring, serial_shops, nicolae_shop_crystal,
          kennysheep_generic_room_11, uniq_duvessa
D:7:      nicolae_whirlpool, layout_loops_cross, chequers_serial_rivers_small_a,
          uniq_menkaure
Temple:   mainiacjoe_temple_hex_bubbles

Skill      XL: |  1  2  3  4  5  6  7  8 |
---------------+-------------------------+-----
Dodging        | 2 3 |  3.5
Armour         | 1 2 3 |  3.5
Stealth        | 1 2 3 4 5 |  5.0
Fighting       | 2 3 4 |  4.3
Spellcasting   | 2 3 4 |  4.0
Crossbows      | 3 4 |  4.0
Poison Magic   | 2 |  2.1
Evocations     | 1 |  1.9
Conjurations   | 1 |  1.3
Hexes          | |  3.6

Action                   |  1- 3 |  4- 6 |  7- 9 || total
-------------------------+-------+-------+-------++-------
Melee: Quarterstaff      |       |    61 |   103 ||   164
       Mace              |       |    10 |    15 ||    25
       Punch             |       |     2 |     3 ||     5
 Fire: Hand crossbow     |   111 |   125 |   105 ||   341
Throw: Dart              |       |       |     8 ||     8
       Javelin           |       |       |     3 ||     3
 Cast: Slow              |     7 |    37 |    65 ||   109
 Abil: Shaft Self        |       |       |     1 ||     1
Evoke: Wand              |       |     5 |     7 ||    12
  Use: Potion            |     3 |       |       ||     3
       Scroll            |       |       |     3 ||     3
 Stab: Sleeping          |       |     2 |       ||     2
Armor: Robe              |    15 |     4 |    20 ||    39
       Leather armour    |       |    11 |       ||    11
Dodge: Dodged            |    51 |    60 |    84 ||   195

Table legend: (Time is in decaauts)
 A = Elapsed time spent in this place.
 B = Non-inter-level travel time spent in this place.
 C = Inter-level travel time spent in this place.
 D = Time resting spent in this place.
 E = Time spent auto-exploring this place.
 F = Levels seen in this place.
 G = Mean time per level.
                   A        B        C        D        E       F      G
               +--------+--------+--------+--------+--------+-----+--------+
         Total |   8225 |   7715 |    510 |   2698 |   2904 |   8 | 1028.1 |
       Dungeon |   8186 |   7691 |    495 |   2698 |   2887 |   7 | 1169.4 |
        Temple |     38 |     23 |     15 |      0 |     17 |   1 |   38.0 |
               +--------+--------+--------+--------+--------+-----+--------+

Top non-repeatable levels by time:
     D:5: 2064 daAuts
     D:3: 1711 daAuts
     D:4: 1494 daAuts
     D:1: 1199 daAuts
     D:2: 1127 daAuts
     D:6: 480 daAuts
     D:7: 108 daAuts
  Temple: 38 daAuts
